cohdb
Replays
Latest Replays
All Replays
Popular Replays
Top Player Replays
Match Explorer
How It Works
Community
CoH3 Stats
Reddit
Sign in to upload your games and track your stats! →
Sign in with Steam
Match 37970070
Unlisted
Match 37970070
Overview
Messages
Build Orders
End
Construct Section Command Post
Selects Indian Artillery Battlegroup
Infantry Section
Infantry Section
Infantry Section
Vickers Machine Gun Team
Selects Towed ML 4.2-inch Heavy Mortar
Construct Field Infirmary
Towed ML 4.2-inch Heavy Mortar
qZeto
Epicdeath
BIOHAZARD
Billy5280
FistyMcBeef
kiiy
0
0
Comments
sign in to comment!
No comments posted yet!